 Dungeon Crawl Stone Soup version 0.30.1 (webtiles) character file.

Game seed: 970950997626299745

490 pablito the Chopper (level 7, -5/63 HPs)
             Began as a Hill Orc Monk on July 3, 2023.
             Was a Believer of Beogh.
             Slain by a gnoll
             ... wielding a +0 flail
             ... led by a gnoll bouda
              (8 damage)
             ... on level 4 of the Dungeon.
             The game lasted 00:08:24 (3255 turns).

pablito the Chopper (Hill Orc Monk)                 Turns: 3255, Time: 00:08:25

Health: -5/63      AC:  7    Str: 16    XL:     7   Next: 14%
Magic:  4/8        EV: 13    Int: 10    God:    Beogh [**....]
Gold:   151        SH:  0    Dex: 13    Spells: 6/6 levels left

rFire   + . .        a - +0 hand axe
rCold   . . .        d - orb {light}
rNeg    . . .        o - +2 robe {rF+}
rPois   .            i - +0 helmet
rElec   .            (no cloak)
rCorr   .            (no gloves)
SInv    .            w - +1 pair of boots
Will    .....        (no amulet)
Stlth   +            (no ring)
HPRegen 0.30/turn    (no ring)
MPRegen 0.11/turn

%: no passive effects
@: glowing
A: no striking features
a: Renounce Religion, Smiting


You were on level 4 of the Dungeon.
You worshipped Beogh.
Beogh was pleased with you.
You visited 1 branch of the dungeon, and saw 4 of its levels.

You collected 151 gold pieces.

Inventory:

Hand Weapons
 a - a +0 hand axe (weapon)
 e - a +0 vampiric dagger
Missiles
 u - 16 poisoned darts (quivered)
 x - 3 atropa-tipped darts
 y - 6 javelins
Armour
 b - a +0 robe
 d - an orb of light (worn)
 i - a +0 helmet (worn)
 m - an orb of guile
 o - a +2 robe of fire resistance (worn)
 w - a +1 pair of boots (worn)
Jewellery
 r - a ring of protection from fire
Scrolls
 f - a scroll of magic mapping {unknown}
 g - a scroll of identify {unknown}
 k - a scroll of butterflies {unknown}
 l - 2 scrolls of teleportation {unknown}
 t - a scroll of enchant armour {unknown}
 v - a scroll of amnesia {unknown}
Potions
 c - 2 potions of ambrosia
 h - a potion of heal wounds {unknown}
 j - a potion of degeneration {unknown}
 n - 2 potions of curing {unknown}
 p - a potion of brilliance {unknown}
 q - a potion of mutation {unknown}
 s - a potion of berserk rage {unknown}


   Skills:
 + Level 6.2 Fighting
 + Level 6.8 Axes
 - Level 4.0 Dodging
 + Level 1.9 Invocations


You had 6 spell levels left.
You didn't know any spells.
Your spell library was empty.

Dungeon Overview and Level Annotations

Branches:
Dungeon (4/15)
 Temple: D:4-7

Altars:


Message History

Aiming: Smiting
Press: ? - help, Dir - move target, f - gnoll Smite: a gnoll, wielding a +0 flail (covering ground quickly, haloed)
You smite the gnoll!
You kill the gnoll!
Beogh accepts your kill.
Unknown command.
You don't have enough magic at the moment.
You hit the gnoll but do no damage. The gnoll hits you with a +0 flail!
The gnoll hits you from afar with a +0 spear.
The gnoll is no longer moving quickly.
The gnoll closely misses you.
There is an open door here.
The gnoll bouda gazes fiercely through you!
You feel your attacks grow feeble.
You completely miss the gnoll.
The gnoll hits you from afar with a +0 spear.
The gnoll bouda barks out a call to the hunt!
The gnoll picks up the pace!
The gnoll hits you from afar with a +0 spear.
* * * LOW HITPOINT WARNING * * *
The gnoll barely misses you. The gnoll attacks as you move away!
The gnoll hits you but does no damage.
Your attacks no longer feel as feeble.
The gnoll attacks as you move away! The gnoll closely misses you.
The gnoll is no longer moving quickly.
The gnoll closely misses you. The gnoll hits you with a +0 flail.
* * * LOW HITPOINT WARNING * * *
There is an open door here.
The gnoll attacks as you move away! The gnoll misses you.
The gnoll barely misses you. The gnoll hits you with a +0 flail.
* * * LOW HITPOINT WARNING * * *
There is an open door, spattered with blood here.
The gnoll attacks as you move away! The gnoll hits you with a +0 flail!
* * * LOW HITPOINT WARNING * * *
The gnoll bouda barks out a call to the hunt!
The gnoll picks up the pace!
The gnoll hits you with a +0 flail!
You die...

.................#........# #....
################.#.######.###.###
#.#.# #....#.# #.#.#####..#.#.#
#.#.....#..#.#.# #.#.....#....#.#
#.#........###.# #.#.#'###......#
########## #@#.#.##########
.........# #g#.#.#........+
########># #g#.#......#####
#.#######'#.#......#
#..........g#......#
#..####.....'.†....# #..#
#...g##......# #..#
####......#'## #..### #.####.#.#


You could see a gnoll bouda and 2 gnolls.

Vanquished Creatures
  Sigmund (D:2)
  A kobold brigand (D:3)
  2 scorpions (D:4)
  A sleepcap (D:4)
  3 gnolls (D:4)
  2 adders
  A white imp (D:4)
  4 dart slugs
  2 worms
  2 ball pythons
  10 endoplasms
  3 giant cockroaches (D:2)
  6 hobgoblins
  A quokka (D:2)
  9 bats
  6 frilled lizards
  4 goblins
  13 kobolds
  9 rats
80 creatures vanquished.

Vanquished Creatures (others)
  A frilled lizard (D:3)
1 creature vanquished.

Grand Total: 81 creatures vanquished

Notes
Turn   | Place    | Note
-------+----------+-------------------------------------------
     0 | D:1      | pablito the Hill Orc Monk began the quest for the Orb.
     0 | D:1      | Reached XP level 1. HP: 19/19 MP: 1/1
    78 | D:1      | Reached XP level 2. HP: 11/27 MP: 2/2
   353 | D:1      | Reached XP level 3. HP: 33/33 MP: 3/3
   465 | D:1      | You fall into a shaft and drop 1 floor!
  1131 | D:2      | Reached XP level 4. HP: 31/41 MP: 4/4
  1352 | D:2      | Reached skill level 5 in Axes
  1605 | D:2      | Noticed Sigmund
  1635 | D:2      | Killed Sigmund
  1636 | D:2      | Reached skill level 5 in Fighting
  1636 | D:2      | Reached XP level 5. HP: 14/48 MP: 5/5
  1636 | D:2      | Reached XP level 6. HP: 16/56 MP: 6/6
  1839 | D:3      | Became a worshipper of Beogh the Brigand
  1839 | D:3      | Reached * piety under Beogh
  1839 | D:3      | Reached ** piety under Beogh
  2981 | D:4      | Reached skill level 1 in Invocations
  3098 | D:4      | Reached XP level 7. HP: 59/63 MP: 6/8
  3254 | D:4      | HP: 2/63 [gnoll/+0 flail[a gnoll bouda] (8)]
  3255 | D:4      | Slain by a gnoll

Illustrated notes

Levels and vault maps discovered:
D:1:      noname_arrival_rooms_in_the_neighbourhood, layout_loops_ring
D:2:      layout_basic, uniq_sigmund
D:3:      cheibrodos_thug_alley, layout_basic, nrook_loot_triangle
D:4:      layout_basic, ebering_ghost_reflecting_pool, minmay_ogre_servants

Skill      XL: |  1  2  3  4  5  6 |
---------------+-------------------+-----
Fighting       | 4 5 6 |  6.2
Dodging        | 3 4 |  4.0
Axes           | 5 6 |  6.8
Invocations    | 1 |  1.9

Action                     |  1- 3 |  4- 6 |  7- 9 || total
---------------------------+-------+-------+-------++-------
  Melee: Hand axe          |   132 |   144 |    14 ||   290
 Invoke: Convert to Beogh  |       |     1 |       ||     1
         Smiting           |       |       |     2 ||     2
 Armour: Robe              |    27 |    33 |     1 ||    61
  Dodge: Dodged            |    81 |    67 |    13 ||   161
